Connexion

TORONTO Maple Leafs vs PHILADELPHIA Flyers

Created - 30 septembre 2023 at 08:46

Goals
1 2 3 T
TORONTO Maple Leafs 0 0 1 1
PHILADELPHIA Flyers 1 3 0 4
Shots
1 2 3 T
TORONTO Maple Leafs 7 3 11 21
PHILADELPHIA Flyers 7 8 12 27

GoalsPenalties
1st period
1. PHILADELPHIA Flyers , Sean Monahan 9 (Austin Czarnik 14) at 6:44
Alex Goligoski (TOR) for Hooking (Minor) at 0:32
Jake Muzzin (TOR) for Holding (Minor) at 9:13
2nd period
2. PHILADELPHIA Flyers , Pavel Buchnevich 10 (Brock McGinn 9, Justin Faulk 7) at 1:56
3. PHILADELPHIA Flyers , Brock Nelson 4 (Nail Yakupov 4, Tim Stutzle 3) at 4:36
4. PHILADELPHIA Flyers , Charlie Coyle 8 (Brock McGinn 10, Pavel Buchnevich 7) at 7:03
Tj Brodie (PHI) for Hooking (Minor) at 15:48
3rd period
5. TORONTO Maple Leafs , Jonathan Huberdeau 8 (Mason Marchment 4, Sebastian Aho 9) at 2:46
Jake Muzzin (TOR) for Holding (Minor) at 5:39
Alex Pietrangelo (PHI) for Holding (Minor) at 10:10
Goalie Stats
Keith Kinkaid (TOR), 8 saves from 12 shots - (0,667), L, 0-5-1, 27:03 minutes
Carter Hart (TOR), 15 saves from 15 shots - (1,000), 32:57 minutes
Stuart Skinner (PHI), 20 saves from 21 shots - (0,952), W, 11-8-0, 60:00 minutes
3 StarsOfficial
1 - Pavel Buchnevich (PHI)
2 - Sean Monahan (PHI)
3 - Charlie Coyle (PHI)
Referees : Steve Kozari and Brad Meier
Linesman : Steve Barton and Jay Sharrers
Game Note
Carter Hart enters game at 7:03 of 2nd period
Finance
Level 1 -- Attendance: 5495 (91,58%) -- Ticket Income 741 825 $
Level 2 -- Attendance: 5538 (84,72%) -- Ticket Income 443 040 $
Level 3 -- Attendance: 1560 (78,00%) -- Ticket Income 93 600 $
Level 4 -- Attendance: 3778 (94,45%) -- Ticket Income 132 230 $
Luxury Box -- Attendance: 600 (60,00%) -- Ticket Income 228 000 $
Game was played at the Whells Fargot Center.
Total Attendance: 16971 (86,87%)
Total Ticket Income: 1 638 695 $
Other Income: 327 739 $
Total Income: 1 966 434 $



Team Name Goals Shots Shots Attemp Shots Blocked PIM HIT PP PK FO%
TORONTO Maple Leafs 1213336190 / 2 (0%)042%
PHILADELPHIA Flyers 4276134160 / 3 (0%)058%

TORONTO Maple Leafs
Player Name POS G A P +/- PIM HIT SHT SB MP PP MP PP SHT PK MP PK SHT FO% FOT
Alex DebrincatC/LW/RW0000022020:371:3403:5100% 1
Alex GoligoskiD000-1211221:542:0112:1700% 0
Brady TkachukLW0000041014:170:1800:0000% 1
Brett GallantLW000000000:180:1800:0000% 0
Christopher WagnerC/RW0000005014:270:1810:10045% 11
Corey PerryRW000-2001118:342:0600:0000% 0
Derick BrassardC/LW/RW000-100004:260:0000:0000% 0
Dominik KahunC/LW/RW0000003013:590:0000:0000% 1
Drew DoughtyD0000011013:090:1800:0000% 0
Jack McbainC000-100104:260:0000:00080% 5
Jacob MiddletonD0000001015:500:1802:4100% 0
Jake MuzzinD000-2410022:131:3900:5900% 0
Jakub VranaLW/RW0000012018:421:3401:560100% 1
Jonathan HuberdeauC/LW101-2011018:342:0600:0000% 2
Jordan KyrouC/RW000-1010025:131:3404:01037% 27
Mason MarchmentC/LW011-2042020:302:0601:56045% 20
Quinn HughesD000-2010025:151:3903:5900% 0
Sebastian AhoD011-1020021:362:0101:5800% 0
PHILADELPHIA Flyers
Player Name POS G A P +/- PIM HIT SHT SB MP PP MP PP SHT PK MP PK SHT FO% FOT
Adam LowryC/LW000000000:000:0000:0000% 0
Alex PietrangeloD0000211022:442:1411:0600% 0
Austin CzarnikC/RW0111012020:373:1001:5200% 0
Brock McGinnLW/RW0221013020:062:4700:3300% 0
Brock NelsonC1011001014:310:0000:00069% 13
Calen AddisonD0001000021:293:4301:5500% 0
Charlie CoyleC/RW1011022019:332:4710:00059% 22
Jason ZuckerLW/RW0001024019:463:1021:0100% 1
Joe VelenoC000000003:540:0000:41050% 4
Justin FaulkD0111012121:323:4311:5800% 0
Matt RoyD0002000016:370:0001:4800% 0
Nail YakupovRW0111011014:310:0000:0000% 0
Olli MaattaD0002010114:490:0000:0000% 0
Pavel BuchnevichLW/RW1121032020:342:4701:010100% 2
Sean MonahanC1011025023:413:1001:43058% 24
Tim StutzleC/LW0111002015:360:0001:0500% 3
Tj BrodieD0000212122:472:1401:0900% 0
Zach PariseC/LW000000003:130:0000:0000% 0



Play-by-Play

1st period


0:01 of 1st period - Jordan Kyrou wins face-off versus Sean Monahan in neutral zone.
0:03 of 1st period - Quinn Hughes is hit by Tj Brodie and loses puck.
0:07 of 1st period - Icing by Alex Pietrangelo.
0:08 of 1st period - Sean Monahan wins face-off versus Mason Marchment in PHILADELPHIA Flyers zone.
0:08 of 1st period - Tj Brodie is hit by Mason Marchment and loses puck.
0:32 of 1st period - Minor Penalty to Alex Goligoski for Hooking.
0:33 of 1st period - Charlie Coyle wins face-off versus Jordan Kyrou in TORONTO Maple Leafs zone.
0:39 of 1st period - Charlie Coyle is hit by Jake Muzzin and loses puck.
1:31 of 1st period - Off-side.
1:32 of 1st period - Sean Monahan wins face-off versus Jordan Kyrou in neutral zone.
2:03 of 1st period - Shot by Jason Zucker.
2:03 of 1st period - Stopped by Keith Kinkaid without a rebound.
2:04 of 1st period - Charlie Coyle wins face-off versus Mason Marchment in TORONTO Maple Leafs zone.
2:19 of 1st period - Shot by Pavel Buchnevich.
2:19 of 1st period - Shot Misses the Net.
2:21 of 1st period - Shot by Charlie Coyle.
2:21 of 1st period - Stopped by Keith Kinkaid with a rebound.
2:23 of 1st period - Shot by Charlie Coyle.
2:23 of 1st period - Shot Misses the Net.
2:25 of 1st period - Shot by Justin Faulk.
2:25 of 1st period - Shot Misses the Net.
3:06 of 1st period - Jake Muzzin is hit by Nail Yakupov.
3:42 of 1st period - Jakub Vrana is hit by Austin Czarnik and loses puck.
5:09 of 1st period - Shot by Mason Marchment.
5:09 of 1st period - Stopped by Stuart Skinner without a rebound.
5:10 of 1st period - Christopher Wagner wins face-off versus Joe Veleno in PHILADELPHIA Flyers zone.
5:21 of 1st period - Shot by Dominik Kahun.
5:21 of 1st period - Stopped by Stuart Skinner without a rebound.
5:22 of 1st period - Brock Nelson wins face-off versus Jack Mcbain in PHILADELPHIA Flyers zone.
6:32 of 1st period - Shot by Jason Zucker.
6:32 of 1st period - Shot Misses the Net.
6:42 of 1st period - Shot by Sean Monahan.
6:42 of 1st period - Shot Misses the Net.
6:44 of 1st period - Shot by Sean Monahan.
6:44 of 1st period - Goal by Sean Monahan - TORONTO Maple Leafs : 0 - PHILADELPHIA Flyers : 1.
6:45 of 1st period - Christopher Wagner wins face-off versus Charlie Coyle in neutral zone.
7:14 of 1st period - Shot by Brady Tkachuk.
7:14 of 1st period - Stopped by Stuart Skinner with a rebound.
7:56 of 1st period - Shot by Sean Monahan.
7:56 of 1st period - Stopped by Keith Kinkaid without a rebound.
7:57 of 1st period - Mason Marchment wins face-off versus Brock Nelson in TORONTO Maple Leafs zone.
8:11 of 1st period - Shot by Tim Stutzle.
8:11 of 1st period - Shot Misses the Net.
9:02 of 1st period - Off-side.
9:03 of 1st period - Charlie Coyle wins face-off versus Jordan Kyrou in neutral zone.
9:13 of 1st period - Minor Penalty to Jake Muzzin for Holding.
9:14 of 1st period - Sean Monahan wins face-off versus Jordan Kyrou in TORONTO Maple Leafs zone.
10:18 of 1st period - Icing by Brock McGinn.
10:19 of 1st period - Pavel Buchnevich wins face-off versus Jordan Kyrou in PHILADELPHIA Flyers zone.
10:33 of 1st period - Shot by Pavel Buchnevich.
10:33 of 1st period - Deflect By Brock McGinn.
10:33 of 1st period - Shot Misses the Net.
11:27 of 1st period - Shot by Drew Doughty.
11:27 of 1st period - Stopped by Stuart Skinner without a rebound.
11:28 of 1st period - Joe Veleno wins face-off versus Mason Marchment in PHILADELPHIA Flyers zone.
11:28 of 1st period - Joe Veleno is hit by Jonathan Huberdeau.
12:33 of 1st period - Nail Yakupov is hit by Brady Tkachuk and loses puck.
12:57 of 1st period - Icing by Matt Roy.
12:58 of 1st period - Brock Nelson wins face-off versus Jordan Kyrou in PHILADELPHIA Flyers zone.
12:58 of 1st period - Brock Nelson is hit by Jordan Kyrou.
13:06 of 1st period - Shot by Nail Yakupov.
13:06 of 1st period - Shot Misses the Net.
13:08 of 1st period - Shot by Brock Nelson.
13:08 of 1st period - Shot Misses the Net.
13:23 of 1st period - Icing by Olli Maatta.
13:24 of 1st period - Mason Marchment wins face-off versus Brock Nelson in PHILADELPHIA Flyers zone.
13:28 of 1st period - Jonathan Huberdeau is hit by Olli Maatta and loses puck.
14:03 of 1st period - Shot by Corey Perry.
14:03 of 1st period - Stopped by Stuart Skinner with a rebound.
14:09 of 1st period - Alex Goligoski is hit by Pavel Buchnevich and loses puck.
14:14 of 1st period - Shot by Charlie Coyle.
14:14 of 1st period - Shot Blocked by Corey Perry.
15:29 of 1st period - Icing by Brock Nelson.
15:30 of 1st period - Brock Nelson wins face-off versus Brady Tkachuk in PHILADELPHIA Flyers zone.
15:30 of 1st period - Matt Roy is hit by Brady Tkachuk and loses puck.
16:49 of 1st period - Shot by Jack Mcbain.
16:49 of 1st period - Stopped by Stuart Skinner without a rebound.
16:50 of 1st period - Jordan Kyrou wins face-off versus Sean Monahan in PHILADELPHIA Flyers zone.
17:07 of 1st period - Shot by Sean Monahan.
17:07 of 1st period - Stopped by Keith Kinkaid with a rebound.
17:57 of 1st period - Jake Muzzin is hit by Charlie Coyle and loses puck.
18:57 of 1st period - Shot by Brock Nelson.
18:57 of 1st period - Shot Misses the Net.
18:59 of 1st period - Shot by Tim Stutzle.
18:59 of 1st period - Stopped by Keith Kinkaid without a rebound.
19:00 of 1st period - Sean Monahan wins face-off versus Christopher Wagner in TORONTO Maple Leafs zone.
19:29 of 1st period - Shot by Dominik Kahun.
19:29 of 1st period - Stopped by Stuart Skinner without a rebound.
19:30 of 1st period - Brock Nelson wins face-off versus Jordan Kyrou in PHILADELPHIA Flyers zone.
19:35 of 1st period - Shot by Nail Yakupov.
19:35 of 1st period - Deflect By Tim Stutzle.
19:35 of 1st period - Stopped by Keith Kinkaid without a rebound.
19:36 of 1st period - Jordan Kyrou wins face-off versus Charlie Coyle in TORONTO Maple Leafs zone.
19:36 of 1st period - Jordan Kyrou is hit by Brock McGinn.
Goals for this period are 0 for TORONTO Maple Leafs vs 1 for PHILADELPHIA Flyers.
Shots for this period are 7 for TORONTO Maple Leafs vs 7 for PHILADELPHIA Flyers.

2nd period


0:01 of 2nd period - Sean Monahan wins face-off versus Jordan Kyrou in neutral zone.
0:04 of 2nd period - Jake Muzzin is hit by Sean Monahan and loses puck.
0:24 of 2nd period - Shot by Alex Debrincat.
0:24 of 2nd period - Stopped by Stuart Skinner without a rebound.
0:25 of 2nd period - Charlie Coyle wins face-off versus Mason Marchment in PHILADELPHIA Flyers zone.
0:30 of 2nd period - Shot by Brock McGinn.
0:30 of 2nd period - Stopped by Keith Kinkaid without a rebound.
0:31 of 2nd period - Jack Mcbain wins face-off versus Charlie Coyle in TORONTO Maple Leafs zone.
0:41 of 2nd period - Icing by Jordan Kyrou.
0:42 of 2nd period - Jack Mcbain wins face-off versus Sean Monahan in TORONTO Maple Leafs zone.
1:54 of 2nd period - Shot by Pavel Buchnevich.
1:54 of 2nd period - Shot Misses the Net.
1:56 of 2nd period - Shot by Pavel Buchnevich.
1:56 of 2nd period - Goal by Pavel Buchnevich - TORONTO Maple Leafs : 0 - PHILADELPHIA Flyers : 2.
1:57 of 2nd period - Mason Marchment wins face-off versus Tim Stutzle in neutral zone.
2:29 of 2nd period - Shot by Mason Marchment.
2:29 of 2nd period - Stopped by Stuart Skinner without a rebound.
2:30 of 2nd period - Charlie Coyle wins face-off versus Christopher Wagner in PHILADELPHIA Flyers zone.
4:05 of 2nd period - Shot by Sean Monahan.
4:05 of 2nd period - Shot Misses the Net.
4:07 of 2nd period - Shot by Tj Brodie.
4:07 of 2nd period - Stopped by Keith Kinkaid with a rebound.
4:34 of 2nd period - Shot by Nail Yakupov.
4:34 of 2nd period - Shot Misses the Net.
4:36 of 2nd period - Shot by Brock Nelson.
4:36 of 2nd period - Goal by Brock Nelson - TORONTO Maple Leafs : 0 - PHILADELPHIA Flyers : 3.
4:37 of 2nd period - Charlie Coyle wins face-off versus Jordan Kyrou in neutral zone.
4:43 of 2nd period - Icing by Jake Muzzin.
4:44 of 2nd period - Brock Nelson wins face-off versus Jordan Kyrou in TORONTO Maple Leafs zone.
4:53 of 2nd period - Shot by Jakub Vrana.
4:53 of 2nd period - Shot Misses the Net.
5:45 of 2nd period - Icing by Nail Yakupov.
5:46 of 2nd period - Brock Nelson wins face-off versus Christopher Wagner in PHILADELPHIA Flyers zone.
6:09 of 2nd period - Shot by Jason Zucker.
6:09 of 2nd period - Shot Misses the Net.
7:03 of 2nd period - Shot by Charlie Coyle.
7:03 of 2nd period - Goal by Charlie Coyle - TORONTO Maple Leafs : 0 - PHILADELPHIA Flyers : 4.
7:03 of 2nd period - Carter Hart enters game.
7:04 of 2nd period - Jordan Kyrou wins face-off versus Joe Veleno in neutral zone.
7:21 of 2nd period - Shot by Jordan Kyrou.
7:21 of 2nd period - Shot Blocked by Olli Maatta.
7:32 of 2nd period - Icing by Sean Monahan.
7:33 of 2nd period - Joe Veleno wins face-off versus Mason Marchment in PHILADELPHIA Flyers zone.
8:09 of 2nd period - Icing by Brock McGinn.
8:10 of 2nd period - Charlie Coyle wins face-off versus Jordan Kyrou in PHILADELPHIA Flyers zone.
8:57 of 2nd period - Calen Addison is hit by Jakub Vrana and loses puck.
9:12 of 2nd period - Shot by Nail Yakupov.
9:12 of 2nd period - Stopped by Carter Hart without a rebound.
9:13 of 2nd period - Mason Marchment wins face-off versus Sean Monahan in TORONTO Maple Leafs zone.
9:13 of 2nd period - Mason Marchment is hit by Jason Zucker.
9:16 of 2nd period - Jonathan Huberdeau is hit by Jason Zucker and loses puck.
9:39 of 2nd period - Shot by Corey Perry.
9:39 of 2nd period - Shot Hit the Post.
10:12 of 2nd period - Shot by Brady Tkachuk.
10:12 of 2nd period - Shot Misses the Net.
10:54 of 2nd period - Icing by Tj Brodie.
10:55 of 2nd period - Jordan Kyrou wins face-off versus Charlie Coyle in PHILADELPHIA Flyers zone.
11:51 of 2nd period - Pavel Buchnevich is hit by Mason Marchment.
12:32 of 2nd period - Icing by Sebastian Aho.
12:33 of 2nd period - Sean Monahan wins face-off versus Mason Marchment in TORONTO Maple Leafs zone.
13:14 of 2nd period - Shot by Jason Zucker.
13:14 of 2nd period - Deflect By Sean Monahan.
13:14 of 2nd period - Stopped by Carter Hart with a rebound.
13:20 of 2nd period - Matt Roy is hit by Brady Tkachuk and loses puck.
14:21 of 2nd period - Brock Nelson is hit by Alex Debrincat and loses puck.
14:28 of 2nd period - Shot by Justin Faulk.
14:28 of 2nd period - Shot Misses the Net.
14:30 of 2nd period - Shot by Calen Addison.
14:30 of 2nd period - Shot Misses the Net.
14:32 of 2nd period - Shot by Tim Stutzle.
14:32 of 2nd period - Shot Misses the Net.
15:31 of 2nd period - Shot by Brock McGinn.
15:31 of 2nd period - Shot Misses the Net.
15:48 of 2nd period - Minor Penalty to Tj Brodie for Hooking.
15:49 of 2nd period - Mason Marchment wins face-off versus Tim Stutzle in PHILADELPHIA Flyers zone.
16:46 of 2nd period - Shot by Christopher Wagner.
16:46 of 2nd period - Shot Misses the Net.
16:48 of 2nd period - Shot by Christopher Wagner.
16:48 of 2nd period - Stopped by Stuart Skinner without a rebound.
16:49 of 2nd period - Jordan Kyrou wins face-off versus Jason Zucker in PHILADELPHIA Flyers zone.
17:44 of 2nd period - Jonathan Huberdeau is hit by Justin Faulk and loses puck.
17:55 of 2nd period - Jacob Middleton is hit by Charlie Coyle and loses puck.
18:08 of 2nd period - Shot by Brock McGinn.
18:08 of 2nd period - Stopped by Carter Hart without a rebound.
18:09 of 2nd period - Jack Mcbain wins face-off versus Brock Nelson in TORONTO Maple Leafs zone.
18:39 of 2nd period - Brock Nelson is hit by Drew Doughty and loses puck.
18:45 of 2nd period - Icing by Jacob Middleton.
18:46 of 2nd period - Jack Mcbain wins face-off versus Sean Monahan in TORONTO Maple Leafs zone.
18:46 of 2nd period - Jack Mcbain is hit by Sean Monahan.
19:42 of 2nd period - Shot by Brady Tkachuk.
19:42 of 2nd period - Shot Hit the Post.
Goals for this period are 0 for TORONTO Maple Leafs vs 3 for PHILADELPHIA Flyers.
Shots for this period are 3 for TORONTO Maple Leafs vs 8 for PHILADELPHIA Flyers.

3rd period


0:01 of 3rd period - Jordan Kyrou wins face-off versus Sean Monahan in neutral zone.
0:04 of 3rd period - Shot by Jakub Vrana.
0:04 of 3rd period - Deflect By Alex Debrincat.
0:04 of 3rd period - Shot Blocked by Tj Brodie.
0:16 of 3rd period - Shot by Austin Czarnik.
0:16 of 3rd period - Shot Misses the Net.
0:18 of 3rd period - Shot by Tj Brodie.
0:18 of 3rd period - Stopped by Carter Hart without a rebound.
0:19 of 3rd period - Charlie Coyle wins face-off versus Mason Marchment in TORONTO Maple Leafs zone.
0:47 of 3rd period - Icing by Brock McGinn.
0:48 of 3rd period - Jordan Kyrou wins face-off versus Charlie Coyle in PHILADELPHIA Flyers zone.
0:53 of 3rd period - Shot by Jakub Vrana.
0:53 of 3rd period - Stopped by Stuart Skinner without a rebound.
0:54 of 3rd period - Jakub Vrana wins face-off versus Sean Monahan in PHILADELPHIA Flyers zone.
1:11 of 3rd period - Shot by Austin Czarnik.
1:11 of 3rd period - Deflect By Sean Monahan.
1:11 of 3rd period - Stopped by Carter Hart without a rebound.
1:12 of 3rd period - Pavel Buchnevich wins face-off versus Jonathan Huberdeau in TORONTO Maple Leafs zone.
1:21 of 3rd period - Shot by Brock McGinn.
1:21 of 3rd period - Stopped by Carter Hart without a rebound.
1:22 of 3rd period - Jordan Kyrou wins face-off versus Sean Monahan in TORONTO Maple Leafs zone.
1:44 of 3rd period - Icing by Alex Debrincat.
1:45 of 3rd period - Charlie Coyle wins face-off versus Jordan Kyrou in TORONTO Maple Leafs zone.
1:48 of 3rd period - Shot by Pavel Buchnevich.
1:48 of 3rd period - Shot Misses the Net.
2:36 of 3rd period - Icing by Justin Faulk.
2:37 of 3rd period - Mason Marchment wins face-off versus Charlie Coyle in PHILADELPHIA Flyers zone.
2:46 of 3rd period - Shot by Jonathan Huberdeau.
2:46 of 3rd period - Goal by Jonathan Huberdeau - TORONTO Maple Leafs : 1 - PHILADELPHIA Flyers : 4.
2:47 of 3rd period - Christopher Wagner wins face-off versus Sean Monahan in neutral zone.
3:24 of 3rd period - Jason Zucker is hit by Sebastian Aho and loses puck.
3:45 of 3rd period - Icing by Christopher Wagner.
3:46 of 3rd period - Brock Nelson wins face-off versus Christopher Wagner in TORONTO Maple Leafs zone.
4:01 of 3rd period - Shot by Brock Nelson.
4:01 of 3rd period - Shot Blocked by Alex Goligoski.
4:45 of 3rd period - Shot by Alex Debrincat.
4:45 of 3rd period - Shot Misses the Net.
4:47 of 3rd period - Shot by Jakub Vrana.
4:47 of 3rd period - Stopped by Stuart Skinner without a rebound.
4:48 of 3rd period - Mason Marchment wins face-off versus Charlie Coyle in PHILADELPHIA Flyers zone.
5:07 of 3rd period - Shot by Mason Marchment.
5:07 of 3rd period - Shot Misses the Net.
5:39 of 3rd period - Minor Penalty to Jake Muzzin for Holding.
5:40 of 3rd period - Sean Monahan wins face-off versus Jordan Kyrou in TORONTO Maple Leafs zone.
6:01 of 3rd period - Shot by Sean Monahan.
6:01 of 3rd period - Shot Misses the Net.
6:03 of 3rd period - Shot by Justin Faulk.
6:03 of 3rd period - Shot Misses the Net.
6:14 of 3rd period - Shot by Jason Zucker.
6:14 of 3rd period - Stopped by Carter Hart without a rebound.
6:15 of 3rd period - Jordan Kyrou wins face-off versus Charlie Coyle in TORONTO Maple Leafs zone.
6:42 of 3rd period - Shot by Alex Pietrangelo.
6:42 of 3rd period - Stopped by Carter Hart without a rebound.
6:43 of 3rd period - Sean Monahan wins face-off versus Mason Marchment in TORONTO Maple Leafs zone.
6:46 of 3rd period - Shot by Justin Faulk.
6:46 of 3rd period - Stopped by Carter Hart without a rebound.
6:47 of 3rd period - Sean Monahan wins face-off versus Alex Debrincat in TORONTO Maple Leafs zone.
6:58 of 3rd period - Shot by Austin Czarnik.
6:58 of 3rd period - Shot Blocked by Alex Goligoski.
7:00 of 3rd period - Shot by Justin Faulk.
7:00 of 3rd period - Shot Misses the Net.
7:44 of 3rd period - Shot by Christopher Wagner.
7:44 of 3rd period - Stopped by Stuart Skinner without a rebound.
7:45 of 3rd period - Charlie Coyle wins face-off versus Jonathan Huberdeau in PHILADELPHIA Flyers zone.
8:09 of 3rd period - Off-side.
8:10 of 3rd period - Christopher Wagner wins face-off versus Brock Nelson in neutral zone.
8:25 of 3rd period - Shot by Christopher Wagner.
8:25 of 3rd period - Stopped by Stuart Skinner with a rebound.
8:27 of 3rd period - Shot by Christopher Wagner.
8:27 of 3rd period - Stopped by Stuart Skinner without a rebound.
8:28 of 3rd period - Sean Monahan wins face-off versus Jordan Kyrou in PHILADELPHIA Flyers zone.
8:28 of 3rd period - Sean Monahan is hit by Alex Debrincat.
8:40 of 3rd period - Shot by Jason Zucker.
8:40 of 3rd period - Stopped by Carter Hart without a rebound.
8:41 of 3rd period - Charlie Coyle wins face-off versus Mason Marchment in TORONTO Maple Leafs zone.
9:15 of 3rd period - Quinn Hughes is hit by Pavel Buchnevich and loses puck.
9:34 of 3rd period - Justin Faulk is hit by Alex Goligoski and loses puck.
9:46 of 3rd period - Alex Debrincat is hit by Alex Pietrangelo and loses puck.
9:51 of 3rd period - Shot by Alex Debrincat.
9:51 of 3rd period - Stopped by Stuart Skinner with a rebound.
10:10 of 3rd period - Minor Penalty to Alex Pietrangelo for Holding.
10:11 of 3rd period - Sean Monahan wins face-off versus Mason Marchment in PHILADELPHIA Flyers zone.
11:03 of 3rd period - Shot by Jordan Kyrou.
11:03 of 3rd period - Shot Misses the Net.
11:05 of 3rd period - Shot by Sebastian Aho.
11:05 of 3rd period - Shot Blocked by Justin Faulk.
11:11 of 3rd period - Shot by Alex Goligoski.
11:11 of 3rd period - Stopped by Stuart Skinner without a rebound.
11:12 of 3rd period - Sean Monahan wins face-off versus Jordan Kyrou in PHILADELPHIA Flyers zone.
11:22 of 3rd period - Shot by Quinn Hughes.
11:22 of 3rd period - Shot Misses the Net.
12:53 of 3rd period - Icing by Drew Doughty.
12:54 of 3rd period - Charlie Coyle wins face-off versus Christopher Wagner in TORONTO Maple Leafs zone.
13:13 of 3rd period - Sebastian Aho is hit by Pavel Buchnevich and loses puck.
13:56 of 3rd period - Shot by Sean Monahan.
13:56 of 3rd period - Shot Misses the Net.
13:58 of 3rd period - Shot by Joe Veleno.
13:58 of 3rd period - Deflect By Sean Monahan.
13:58 of 3rd period - Shot Misses the Net.
14:04 of 3rd period - Shot by Sean Monahan.
14:04 of 3rd period - Shot Misses the Net.
14:56 of 3rd period - Off-side.
14:57 of 3rd period - Sean Monahan wins face-off versus Dominik Kahun in neutral zone.
15:04 of 3rd period - Shot by Austin Czarnik.
15:04 of 3rd period - Stopped by Carter Hart without a rebound.
15:05 of 3rd period - Christopher Wagner wins face-off versus Charlie Coyle in TORONTO Maple Leafs zone.
15:24 of 3rd period - Tj Brodie is hit by Brady Tkachuk and loses puck.
15:43 of 3rd period - Shot by Dominik Kahun.
15:43 of 3rd period - Stopped by Stuart Skinner with a rebound.
15:45 of 3rd period - Shot by Jacob Middleton.
15:45 of 3rd period - Stopped by Stuart Skinner with a rebound.
15:47 of 3rd period - Shot by Christopher Wagner.
15:47 of 3rd period - Stopped by Stuart Skinner without a rebound.
15:48 of 3rd period - Mason Marchment wins face-off versus Sean Monahan in PHILADELPHIA Flyers zone.
15:58 of 3rd period - Jason Zucker is hit by Quinn Hughes and loses puck.
16:01 of 3rd period - Shot by Austin Czarnik.
16:01 of 3rd period - Stopped by Carter Hart without a rebound.
16:02 of 3rd period - Brock Nelson wins face-off versus Jordan Kyrou in TORONTO Maple Leafs zone.
16:46 of 3rd period - Icing by Olli Maatta.
16:47 of 3rd period - Brock Nelson wins face-off versus Mason Marchment in PHILADELPHIA Flyers zone.
16:47 of 3rd period - Brock Nelson is hit by Mason Marchment.
17:19 of 3rd period - Shot by Jason Zucker.
17:19 of 3rd period - Stopped by Carter Hart without a rebound.
17:20 of 3rd period - Charlie Coyle wins face-off versus Christopher Wagner in TORONTO Maple Leafs zone.
17:25 of 3rd period - Shot by Brock McGinn.
17:25 of 3rd period - Shot Misses the Net.
17:27 of 3rd period - Shot by Pavel Buchnevich.
17:27 of 3rd period - Stopped by Carter Hart with a rebound.
17:29 of 3rd period - Shot by Pavel Buchnevich.
17:29 of 3rd period - Shot Misses the Net.
17:31 of 3rd period - Shot by Calen Addison.
17:31 of 3rd period - Shot Misses the Net.
17:33 of 3rd period - Shot by Justin Faulk.
17:33 of 3rd period - Stopped by Carter Hart without a rebound.
17:34 of 3rd period - Sean Monahan wins face-off versus Jordan Kyrou in TORONTO Maple Leafs zone.
17:34 of 3rd period - Sean Monahan is hit by Sebastian Aho.
18:49 of 3rd period - Off-side.
18:50 of 3rd period - Mason Marchment wins face-off versus Tim Stutzle in neutral zone.
18:53 of 3rd period - Tim Stutzle is hit by Mason Marchment and loses puck.
19:29 of 3rd period - Shot by Matt Roy.
19:29 of 3rd period - Shot Misses the Net.
19:31 of 3rd period - Shot by Brock Nelson.
19:31 of 3rd period - Shot Misses the Net.
Goals for this period are 1 for TORONTO Maple Leafs vs 0 for PHILADELPHIA Flyers.
Shots for this period are 11 for TORONTO Maple Leafs vs 12 for PHILADELPHIA Flyers.